 Dungeon Crawl Stone Soup version 0.25-a0-670-g50981ef59b (webtiles) character file.

Game seed: 615523876610062287, levelgen mode: deterministic

2454 sanka the Nimble (level 9, 41/41 HPs)
             Began as a Felid Wanderer on Mar 29, 2020.
             Was a Follower of Okawaru.
             Quit the game on level 8 of the Dungeon.
             The game lasted 00:24:49 (14596 turns).

sanka the Nimble (Felid Wanderer)                  Turns: 14596, Time: 00:24:49

Health: 41/41      AC:  2    Str: 11    XL:     9   Next: 25%
Magic:  13/13      EV: 29    Int: 13    God:    Okawaru [*.....]
Gold:   280        SH:  0    Dex: 17    Spells: 8/8 levels left
                                        Lives:  1   Deaths: 1

rFire    . . .     SeeInvis +     - Unarmed
rCold    . . .     Gourm    .   (shield unavailable)
rNeg     . . .     Faith    .   (armour unavailable)
rPois    +         Spirit   .   (helmet unavailable)
rElec    .         Reflect  .   (cloak unavailable)
rCorr    .         Harm     .   (gloves unavailable)
MR       +....                  (boots unavailable)
Stlth    +++.......             (no amulet)
HPRegen  0.13/turn              s - ring of stealth
MPRegen  0.13/turn              v - ring of poison resistance

@: quick
A: very small, no armour, no weapons or thrown items, stealth, claws 1, fangs 3,
see invisible, carnivore, speed 1, shaggy fur 2, slow metabolism 1, sharp paws
a: Heroism, Renounce Religion


You were on level 8 of the Dungeon.
You worshipped Okawaru.
Okawaru was aware of your devotion.
You were not hungry.

You visited 2 branches of the dungeon, and saw 9 of its levels.

You collected 280 gold pieces.


Innate Abilities, Weirdness & Mutations

You cannot wear armour.
You are incapable of wielding weapons or throwing items.
Your paws allow you to move quietly. (Stealth)
You have sharp claws.
You have razor-sharp teeth.
You have supernaturally acute eyesight. (SInv)
You are carnivorous and can eat meat at any time.
You cover ground quickly.
You are covered in thick fur. (AC +2)
You have a slow metabolism.
Your sharp claws are effective at attacking unaware monsters.


   Skills:
 - Level 6.0 Fighting
 * Level 13.4 Dodging
 - Level 10.0 Unarmed Combat
 + Level 2.6 Invocations
 - Level 4.0 Evocations


You had 8 spell levels left.
You didn't know any spells.
Your spell library was empty.

Inventory:

Jewellery
 n - an uncursed ring of resist corrosion
 s - a ring of stealth (left paw)
 v - a ring of poison resistance (right paw)
Wands
 a - a wand of polymorph (3)
Scrolls
 c - 4 scrolls of teleportation {@r4}
 i - 5 scrolls of remove curse
 j - a scroll of enchant weapon {unknown}
 m - 3 scrolls of amnesia
 o - 2 scrolls of immolation {!r}
 p - a scroll of fear
 r - a scroll of magic mapping
 x - a scroll of fog
Potions
 b - 2 potions of lignification {!q}
 f - 2 potions of haste {unknown}
 h - a potion of berserk rage {unknown}
 k - 3 potions of curing {@q1}
 q - 3 potions of stabbing {unknown}
 u - a potion of brilliance {unknown}
 w - a potion of heal wounds {unknown}
Comestibles
 d - 10 rations

Dungeon Overview and Level Annotations

Branches:
Dungeon (8/15)             Temple (1/1) D:7
   Lair: D:8-11

Altars:
Ashenzari
Cheibriados
Dithmenos
Elyvilon
Fedhas
Gozag
Hepliaklqana
Kikubaaqudgha
Makhleb
Nemelex Xobeh
Okawaru
Qazlal
Ru
Sif Muna
Trog
Uskayaw
Vehumet
Wu Jian
Xom
Yredelemnul
Zin
The Shining One

Shops:
D:6 =

Annotations:
D:3 2 transporters
D:8 Joseph

▒..... ▒▒....
▒..... . ▒....▒
..▒▒▒....▒
.........▒
.........▒▒
.......h[.▒
...........▒
...........▒
............▒
..............
▒▒............▒
▒▒▒........▒▒▒
▒▒▒.....▒▒


There were no monsters in sight!


Message History

Found an escape hatch in the ceiling.
Use which ability? (? or * to list)
You gain the combat prowess of a mighty hero. 2 ogres come into view.
The ogre shouts!
Found a ration.
The ogre shouts!
Joseph shouts!
You claw Joseph!
Joseph is moderately wounded.
Joseph hits you with a +0 quarterstaff!
Joseph unwields a +0 quarterstaff.
Joseph wields a +2 hunting sling of flaming.
It bursts into flame!
Joseph shoots a sling bullet.
The sling bullet barely misses you.
Joseph shoots a sling bullet.
The sling bullet hits you!!
* * * LOW HITPOINT WARNING * * *
The sling bullet burns you.
* * * LOW HITPOINT WARNING * * *
You see here a sling bullet.
Joseph shoots a sling bullet.
The sling bullet hits you.
You die...
The sling bullet burns you.
You are now level 9!
You rejoin the land of the living...
Found a glowing scarf.
Are you sure you want to abandon this character and quit the game? (Confirm with "yes".)

Action                   |  1- 3 |  4- 6 |  7- 9 | 10-12 || total
-------------------------+-------+-------+-------+-------++-------
Melee: Unarmed           |   115 |   184 |   365 |    49 ||   713
       Bite              |     9 |    18 |    41 |     2 ||    70
       Punch             |     4 |     2 |    15 |     1 ||    22
Invok: Heroism           |       |       |     1 |     1 ||     2
Evoke: Wand              |       |     3 |    18 |     5 ||    26
  Use: Potion            |     2 |       |     2 |       ||     4
       Scroll            |       |       |     8 |       ||     8
 Stab: Sleeping          |     1 |     1 |    11 |     1 ||    14
       Distracted        |       |     1 |     1 |       ||     2
       Confused          |       |       |     2 |       ||     2
  Eat: Chunk             |    10 |     8 |    13 |     3 ||    34
Armor: Skin              |    11 |     8 |     9 |     1 ||    29
Dodge: Dodged            |    79 |   123 |   284 |    28 ||   514

Levels and vault maps discovered:
D:1:      dpeg_arrival_solitude, layout_basic, lemuel_another_geyser
D:2:      layout_loops_ring, lemuel_coloured_pillars_altar
D:3:      layout_rooms, nicolae_overflow_crystal_walls, dancing_weapons_uskayaw,
          nicolae_ru_path_of_blood, chequers_temple_overflow_minitemple,
          gammafunk_temple_overflow_arena, uniq_robin, uniq_sigmund
D:4:      layout_cave_pods, kennysheep_mini, first_ration
D:5:      layout_basic, grunt_ministairs_1
D:6:      layout_basic, serial_shops, shop, minmay_tree_intersection
D:7:      kennysheep_big_flooded_room, layout_cave_pools,
          minmay_temple_entry_trees, serial_column_ruins, column_ruins_hut,
          column_ruins_open_tiny, column_ruins_open_tiny,
          column_ruins_open_tiny, column_ruins_columns_straight,
          column_ruins_columns_straight, column_ruins_open_medium,
          uniq_menkaure, uniq_maggie, uniq_harold, uniq_prince_ribbit1,
          uniq_duvessa
D:8:      layout_layer_cave, grunt_temple_overflow_order_and_chaos_2,
          serial_glass, glass_columns_c, glass_columns_b,
          minmay_strange_pillars, tso_altar, uniq_joseph
Temple:   jpeg_temple_island

Notes
Turn   | Place    | Note
-------+----------+-------------------------------------------
     0 | D:1      | sanka the Felid Wanderer began the quest for the Orb.
     0 | D:1      | sanka set off with the following items: a wand of flame
                  | (15), a potion of lignification {!q}, a scroll of
                  | teleportation {@r4}, a ration
     0 | D:1      | Reached XP level 1. HP: 13/13 MP: 3/3
   173 | D:1      | Reached XP level 2. HP: 15/16 MP: 4/4
   548 | D:1      | Reached skill level 3 in Unarmed Combat
  1597 | D:2      | Reached XP level 3. HP: 20/20 MP: 5/5
  2032 | D:2      | Reached skill level 4 in Unarmed Combat
  2321 | D:2      | HP: 1/20 [adder (2)]
  2439 | D:2      | Found a shadowy altar of Dithmenos.
  2510 | D:2      | Reached XP level 4. HP: 24/24 MP: 6/6
  3006 | D:3      | Noticed Robin
  3744 | D:2      | Killed Robin
  3744 | D:2      | Reached skill level 5 in Unarmed Combat
  4519 | D:3      | Reached XP level 5. HP: 26/27 MP: 7/7
  4526 | D:3      | Noticed Sigmund
  4546 | D:3      | Killed Sigmund
  4546 | D:3      | Reached skill level 6 in Unarmed Combat
  4546 | D:3      | Gained mutation: You are covered in thick fur. (AC +2)
                  | [Felid growth]
  4546 | D:3      | Reached XP level 6. HP: 14/31 MP: 8/8
  4814 | D:3      | Noticed a +0 dagger
  4814 | D:3      | Noticed a +0 hand axe
  4816 | D:3      | Found a hide-covered altar of Uskayaw.
  4831 | D:3      | Found a sparkling altar of Nemelex Xobeh.
  4831 | D:3      | Found a radiant altar of Vehumet.
  4836 | D:3      | Found a shimmering altar of Xom.
  4838 | D:3      | Found a stormy altar of Qazlal.
  4839 | D:3      | Found a snail-covered altar of Cheibriados.
  4923 | D:3      | Found a sacrificial altar of Ru.
  5036 | D:3      | Found an ornate altar of the Wu Jian Council.
  5208 | D:3      | Found a white marble altar of Elyvilon.
  5212 | D:3      | Found a transporter.
  5224 | D:3      | Found a transporter.
  5673 | D:4      | Reached skill level 7 in Unarmed Combat
  5808 | D:4      | Found a hazy altar of Hepliaklqana.
  6452 | D:4      | Reached XP level 7. HP: 18/34 MP: 9/9
  6965 | D:5      | Entered Level 5 of the Dungeon
  7065 | D:5      | Reached skill level 8 in Unarmed Combat
  7753 | D:5      | Reached skill level 1 in Dodging
  8304 | D:5      | Reached skill level 2 in Dodging
  8334 | D:5      | Noticed a hippogriff
  8618 | D:4      | Reached skill level 9 in Unarmed Combat
  8679 | D:5      | Reached skill level 3 in Dodging
  8723 | D:5      | Reached XP level 8. HP: 31/38 MP: 10/10
  9166 | D:5      | Killed a hippogriff
  9166 | D:5      | Reached skill level 5 in Dodging
  9497 | D:6      | Reached skill level 6 in Dodging
  9994 | D:6      | Reached skill level 7 in Dodging
 10422 | D:6      | Reached skill level 3 in Evocations
 10430 | D:6      | Found Udidghopp's Jewellery Shop.
 10513 | D:6      | Reached skill level 8 in Dodging
 10513 | D:6      | Reached XP level 9. HP: 27/41 MP: 12/12
 11344 | D:6      | Reached skill level 10 in Unarmed Combat
 11589 | D:6      | Reached skill level 4 in Evocations
 11591 | D:6      | Reached skill level 9 in Dodging
 11736 | D:7      | Identified +0 acid dragon scales
 11736 | D:7      | Noticed Maggie
 11749 | D:7      | Killed Maggie
 11749 | D:7      | Reached skill level 10 in Dodging
 12003 | D:7      | Noticed Menkaure
 12005 | D:7      | Noticed Dowan
 12028 | D:7      | Killed Menkaure
 12074 | D:7      | Noticed Duvessa
 12307 | D:7      | Killed Duvessa
 12307 | D:7      | Reached skill level 11 in Dodging
 12365 | D:7      | Killed Dowan
 12434 | D:7      | Found a staircase to the Ecumenical Temple.
 12443 | D:7      | Noticed Prince Ribbit
 12467 | Temple   | Entered the Ecumenical Temple
 12726 | Temple   | Became a worshipper of Warmaster Okawaru
 12861 | D:7      | Killed Prince Ribbit
 12861 | D:7      | Reached skill level 12 in Dodging
 13117 | D:7      | Reached * piety under Okawaru
 13262 | D:7      | Noticed Harold
 13288 | D:7      | Killed Harold
 13288 | D:7      | Reached skill level 13 in Dodging
 13288 | D:7      | Reached skill level 1 in Invocations
 13288 | D:7      | Reached XP level 10. HP: 28/45 MP: 12/14
 13425 | D:7      | Reached skill level 2 in Invocations
 14444 | D:8      | Found a burning altar of Makhleb.
 14447 | D:8      | Noticed a blizzard demon
 14449 | D:8      | Found a glowing silver altar of Zin.
 14449 | D:8      | Noticed an angel
 14577 | D:8      | Noticed Joseph
 14594 | D:8      | HP: 3/45 [Joseph/sling bullet (6)]
 14595 | D:8      | Shot with a sling bullet by Joseph
 14596 | D:8      | Reached XP level 9. HP: -2/41 MP: 13/13
 14596 | D:8      | Quit the game

Vanquished Creatures
  Harold (D:7)
  Maggie (D:7)
  Prince Ribbit (D:7)
  A hippogriff (D:5)
  Sigmund (D:3)
  Menkaure (D:7)
  Duvessa (D:7)
  7 ogres
  3 phantoms
  A necrophage (D:7)
  A sky beast (D:5)
  3 centaurs
  4 bullfrogs (D:6)
  Dowan (D:7)
  A howler monkey (D:6)
  2 electric eels (D:7)
  A crimson imp (D:5)
  A bullfrog zombie (D:8)
  3 hounds
  A centaur zombie (D:6)
  4 jellies
  5 orc priests
  A gnoll shaman (D:6)
  11 orc wizards
  2 iguanas
  9 worker ants
  A hound zombie (D:5)
  A worker ant zombie (D:5)
  Robin (D:2)
  10 adders
  5 gnolls (D:6)
  A river rat (D:7)
  A shadow imp (D:5)
  2 oozes
  An adder zombie (D:5)
  3 adder skeletons
  3 worms
  4 dart slugs
  4 leopard geckos
  21 orcs
  9 giant cockroaches
  14 goblins
  7 hobgoblins
  6 jackals
  11 kobolds
  5 quokkas
  A ball python (D:2)
  A ball python skeleton (D:5)
  9 bats
  A frilled lizard (D:4)
  A leopard gecko zombie (D:6)
  7 rats
198 creatures vanquished.

Vanquished Creatures (others)
  An orc (D:7)
1 creature vanquished.

Grand Total: 199 creatures vanquished
